AoeStats
← juan.alcantara.fr

Arena

508680181Analyzed
1v1 RM · 10d ago on Sep 23, 2026· 36m 38s· 2 players
Game mode
Random Map
Map size
Tiny (2 player)
Population
200
Speed
Normal
Resources
Standard
Victory
Conquest
Starting age
Dark Age
Ending age
Imperial Age
RankedLock teamsTeams togetherTeam positionsShared explorationLock speedFull tech treeHidden civsTurbo modeCheats
Victory
Defeat
🇪🇸 Franks · Spain
857
+16
🇨🇦 Wu · Canada
856
-16
Nix
9:59 Feudal Age
10:41 Loom
14:18 Castle Age
12:34 Double-Bit Axe
13:04 Stone Mining
13:03 Horse Collar
21:02 Town Watch
22:08 Sanctity
21:59 Fervor
28:54 Imperial Age
27:18 Stone Mining
28:51 Fletching
29:01 Padded Archer Armor
30:20 Ballistics
33:33 Conscription
juan.alcantara.fr
10:46 Feudal Age
12:29 Double-Bit Axe
16:07 Castle Age
14:19 Gold Mining
18:07 Wheelbarrow
17:29 Fletching
17:40 Padded Archer Armor
18:45 Crossbowman
20:38 Stone Mining
21:13 Town Watch
24:02 Ballistics
26:33 Bodkin Arrow
26:54 Leather Archer Armor
32:50 Imperial Age
32:56 Imperial Age
31:04 Husbandry
33:12 Cavalier
37:20 Chemistry
Connection lost

Rejoining the realm…

Still unreachable

The connection could not be restored.

Session expired

The server has moved on; the page needs a fresh start.